[ AOE2 MATCH · #476841662 ]
UnrankedCelts vs Aztecs
[ REPLAY ANALYSIS · EXTRACTED FROM THE RECORDED GAME ]
Feudal
14:33
Castle
18:05
Imperial
—
| APM avg | 48.6 |
| APM peak | 89 |
| eAPM avg | 21.4 |
| Villagers / military | 66 / 46 |
Focus
⚔️ 26.0% · 🌾 74.0%
Scout Cavalry ×28 · Fishing Ship ×16 · Scorpion ×5 · Knight ×4 · Mangonel ×4 · Monk ×3
Feudal
14:34
Castle
18:04
Imperial
—
| APM avg | 42.4 |
| APM peak | 72 |
| eAPM avg | 26.7 |
| Villagers / military | 58 / 14 |
Focus
⚔️ 55.8% · 🌾 44.2%
Fishing Ship ×12 · Monk ×5 · Warrior Priest ×5 · Mangonel ×4
Feudal
13:53
Castle
18:04
Imperial
—
| APM avg | 61.4 |
| APM peak | 107 |
| eAPM avg | 24.0 |
| Villagers / military | 86 / 20 |
Focus
⚔️ 30.9% · 🌾 69.1%
Fishing Ship ×15 · Unknown (2626) ×12 · Monaspa ×10 · Monk ×3 · Battering Ram ×3 · Mangonel ×2
Feudal
13:58
Castle
17:33
Imperial
31:01
| APM avg | 34.2 |
| APM peak | 67 |
| eAPM avg | 19.2 |
| Villagers / military | 91 / 25 |
Focus
⚔️ 25.9% · 🌾 74.1%
Militia ×18 · Fishing Ship ×16 · Unknown (2626) ×12 · Fire Galley ×6 · Monk ×1
Feudal
13:35
Castle
17:25
Imperial
—
| APM avg | 35.0 |
| APM peak | 53 |
| eAPM avg | 23.9 |
| Villagers / military | 88 / 10 |
Focus
⚔️ 30.4% · 🌾 69.6%
Fishing Ship ×13 · Monk ×10 · Unknown (2626) ×10
Feudal
12:46
Castle
16:21
Imperial
—
| APM avg | 32.5 |
| APM peak | 69 |
| eAPM avg | 14.8 |
| Villagers / military | 43 / 11 |
Focus
⚔️ 32.1% · 🌾 67.9%
Fishing Ship ×10 · Fire Galley ×7 · Galley ×4 · Unknown (2626) ×2
Feudal
13:34
Castle
17:39
Imperial
—
| APM avg | 47.0 |
| APM peak | 77 |
| eAPM avg | 30.6 |
| Villagers / military | 76 / 28 |
Focus
⚔️ 26.2% · 🌾 73.8%
Kamayuk ×24 · Fishing Ship ×16 · Battering Ram ×3 · Unknown (2626) ×2 · Mangonel ×1
Feudal
14:43
Castle
18:18
Imperial
—
| APM avg | 23.6 |
| APM peak | 46 |
| eAPM avg | 14.3 |
| Villagers / military | 64 / 12 |
Focus
⚔️ 26.0% · 🌾 74.0%
Organ Gun ×10 · Fishing Ship ×10 · Monk ×2
Match map
Initial resources + every placement click. Lines = walls · curves = elevation contours. ◆ gold · ⬟ stone · ● berries · ✦ relic · ◌ wall gap
Your base· Open — 6t gap
Eli's base· Open — 4t gap
Brunker's base· Open — 11t gap
BoyWonder_'s base· Open — 11t gap
Elnath's base· Open — unwalled flank
Gary_zZ's base· Open — 6t gap
Dovecar's base· Open — 7t gap
Djo's base· Open — 5t gap
Smoothed initial terrain · ◌ = detected wall gap · hover for details
Inputs per minute
— S-Tier Willy - - Eli
Build order — S-Tier Willy
First 150 of 223 actions detected
| 0:06 | Build | Town Center |
| 1:28 | Build | Dock |
| 1:30 | Build | House |
| 2:31 | Create | Villager (Male) |
| 2:31 | Create | Villager (Male) |
| 2:32 | Create | Villager (Male) |
| 2:32 | Create | Villager (Male) |
| 3:24 | Create | Fishing Ship |
| 3:24 | Create | Fishing Ship |
| 3:55 | Build | House |
| 4:15 | Create | Villager (Male) |
| 4:40 | Create | Villager (Male) |
| 5:05 | Create | Villager (Male) |
| 5:07 | Create | Fishing Ship |
| 5:20 | Build | House |
| 5:25 | Build | Palisade Wall |
| 5:33 | Create | Villager (Male) |
| 5:59 | Create | Villager (Male) |
| 6:01 | Create | Fishing Ship |
| 6:11 | Build | Palisade Wall |
| 6:25 | Create | Villager (Male) |
| 6:31 | Create | Fishing Ship |
| 6:58 | Build | House |
| 7:02 | Create | Villager (Male) |
| 7:03 | Create | Fishing Ship |
| 7:25 | Create | Villager (Male) |
| 7:33 | Build | House |
| 7:42 | Create | Fishing Ship |
| 7:55 | Build | House |
| 8:04 | Create | Villager (Male) |
| 8:11 | Build | Lumber Camp |
| 8:29 | Create | Villager (Male) |
| 8:32 | Create | Fishing Ship |
| 8:43 | Create | Villager (Male) |
| 8:53 | Build | House |
| 9:05 | Create | Fishing Ship |
| 9:10 | Create | Villager (Male) |
| 9:25 | Create | Villager (Male) |
| 9:40 | Build | Dock |
| 9:45 | Create | Villager (Male) |
| 10:00 | Create | Fishing Ship |
| 10:02 | Create | Villager (Male) |
| 10:22 | Create | Fishing Ship |
| 10:33 | Research | Loom |
| 10:37 | Create | Villager (Male) |
| 10:38 | Create | Fishing Ship |
| 10:40 | Build | House |
| 11:02 | Create | Villager (Male) |
| 11:05 | Build | House |
| 11:06 | Build | House |
| 11:09 | Create | Fishing Ship |
| 11:09 | Create | Fishing Ship |
| 11:49 | Build | House |
| 11:51 | Create | Fishing Ship |
| 11:51 | Create | Fishing Ship |
| 11:57 | Create | Villager (Male) |
| 12:12 | Research | Feudal Age |
| 12:37 | Build | Mining Camp |
| 12:49 | Build | Barracks |
| 13:13 | Build | Dock |
| 14:20 | Build | House |
| 14:33 | Age | Feudal Age |
| 14:39 | Build | Blacksmith |
| 14:47 | Build | Stable |
| 14:58 | Build | Outpost |
| 15:00 | Research | Town Watch |
| 15:10 | Research | Double-Bit Axe |
| 15:14 | Research | Scale Barding Armor |
| 15:17 | Create | Scout Cavalry |
| 15:21 | Research | Castle Age |
| 15:35 | Build | Mill |
| 15:42 | Create | Scout Cavalry |
| 15:44 | Create | Villager (Male) |
| 16:00 | Build | House |
| 16:13 | Research | Gold Mining |
| 16:15 | Create | Villager (Male) |
| 16:20 | Research | Tech 906 |
| 16:42 | Build | Dock |
| 16:48 | Build | House |
| 16:52 | Create | Scout Cavalry |
| 16:55 | Create | Villager (Male) |
| 17:03 | Research | Forging |
| 17:19 | Build | Outpost |
| 17:23 | Create | Scout Cavalry |
| 18:05 | Age | Castle Age |
| 18:12 | Research | Light Cavalry (upgrade) |
| 18:16 | Build | Siege Workshop |
| 18:44 | Create | Villager (Male) |
| 18:44 | Create | Villager (Male) |
| 18:54 | Build | Monastery |
| 18:55 | Create | Mangonel |
| 19:06 | Research | Chain Barding Armor |
| 19:07 | Create | Scout Cavalry |
| 19:07 | Create | Scout Cavalry |
| 19:27 | Create | Villager (Male) |
| 19:29 | Create | Monk |
| 19:33 | Build | House |
| 19:34 | Create | Villager (Male) |
| 19:51 | Create | Mangonel |
| 19:53 | Create | Villager (Male) |
| 19:53 | Create | Villager (Male) |
| 20:11 | Create | Scout Cavalry |
| 20:12 | Build | Barracks |
| 20:13 | Create | Villager (Male) |
| 20:24 | Create | Scout Cavalry |
| 20:26 | Create | Monk |
| 20:36 | Create | Scout Cavalry |
| 20:37 | Create | Villager (Male) |
| 20:37 | Create | Villager (Male) |
| 20:48 | Create | Monk |
| 20:50 | Create | Mangonel |
| 21:02 | Create | Scout Cavalry |
| 21:07 | Build | House |
| 21:18 | Create | Villager (Male) |
| 21:47 | Create | Mangonel |
| 21:49 | Create | Scout Cavalry |
| 21:49 | Create | Villager (Male) |
| 21:50 | Create | Villager (Male) |
| 21:50 | Create | Villager (Male) |
| 22:00 | Build | Farm |
| 22:00 | Build | Farm |
| 22:01 | Build | Farm |
| 22:01 | Build | Farm |
| 22:01 | Build | Farm |
| 22:17 | Build | House |
| 22:17 | Create | Villager (Male) |
| 22:34 | Create | Scout Cavalry |
| 22:35 | Create | Villager (Male) |
| 22:58 | Create | Villager (Male) |
| 23:03 | Build | Town Center |
| 23:14 | Build | Outpost |
| 23:21 | Create | Scout Cavalry |
| 23:28 | Create | Villager (Male) |
| 23:29 | Create | Villager (Male) |
| 23:49 | Create | Villager (Male) |
| 23:51 | Research | Bow Saw |
| 23:51 | Research | Bow Saw |
| 23:54 | Research | Horse Collar |
| 23:54 | Research | Horse Collar |
| 24:06 | Build | Dock |
| 24:27 | Create | Villager (Male) |
| 24:33 | Build | Outpost |
| 24:49 | Create | Villager (Male) |
| 24:53 | Build | Lumber Camp |
| 25:11 | Create | Scout Cavalry |
| 25:11 | Create | Scout Cavalry |
| 25:21 | Create | Villager (Male) |
| 25:22 | Create | Villager (Male) |
| 25:26 | Build | Farm |
| 25:27 | Build | Farm |
Build order — Eli
First 150 of 161 actions detected
| 0:10 | Build | Town Center |
| 0:45 | Build | Dock |
| 1:00 | Build | House |
| 2:20 | Build | Palisade Wall |
| 2:32 | Create | Villager (Male) |
| 2:32 | Create | Villager (Male) |
| 2:32 | Create | Villager (Male) |
| 2:32 | Create | Villager (Male) |
| 2:33 | Create | Villager (Male) |
| 3:46 | Build | House |
| 4:04 | Build | House |
| 4:10 | Research | Loom |
| 4:30 | Create | Fishing Ship |
| 4:45 | Create | Villager (Male) |
| 4:45 | Create | Villager (Male) |
| 5:10 | Create | Villager (Male) |
| 5:11 | Create | Villager (Male) |
| 5:13 | Build | House |
| 5:37 | Create | Villager (Male) |
| 5:37 | Create | Villager (Male) |
| 5:37 | Create | Villager (Male) |
| 5:57 | Create | Villager (Male) |
| 5:57 | Create | Villager (Male) |
| 6:16 | Create | Villager (Male) |
| 6:16 | Create | Villager (Male) |
| 6:21 | Create | Fishing Ship |
| 6:21 | Create | Fishing Ship |
| 6:41 | Build | House |
| 6:44 | Create | Villager (Male) |
| 7:09 | Create | Villager (Male) |
| 7:09 | Create | Villager (Male) |
| 7:12 | Create | Fishing Ship |
| 7:12 | Create | Fishing Ship |
| 7:34 | Build | House |
| 7:39 | Create | Villager (Male) |
| 7:50 | Build | House |
| 7:59 | Build | House |
| 8:01 | Build | House |
| 8:05 | Build | Palisade Gate |
| 8:09 | Build | Palisade Gate |
| 8:14 | Create | Villager (Male) |
| 8:21 | Create | Fishing Ship |
| 8:21 | Create | Fishing Ship |
| 8:26 | Create | Villager (Male) |
| 8:26 | Create | Villager (Male) |
| 8:26 | Create | Villager (Male) |
| 8:40 | Create | Villager (Male) |
| 8:40 | Create | Villager (Male) |
| 8:40 | Create | Villager (Male) |
| 8:44 | Create | Fishing Ship |
| 8:56 | Create | Villager (Male) |
| 8:56 | Create | Villager (Male) |
| 9:20 | Build | Mule Cart |
| 9:23 | Build | House |
| 9:31 | Create | Villager (Male) |
| 9:31 | Create | Villager (Male) |
| 9:50 | Create | Villager (Male) |
| 9:50 | Create | Villager (Male) |
| 9:55 | Create | Fishing Ship |
| 10:22 | Create | Fishing Ship |
| 10:31 | Create | Villager (Male) |
| 10:36 | Build | House |
| 10:51 | Create | Villager (Male) |
| 11:03 | Build | Mill |
| 11:14 | Create | Villager (Male) |
| 11:31 | Create | Fishing Ship |
| 11:56 | Create | Villager (Male) |
| 12:18 | Research | Feudal Age |
| 12:18 | Research | Feudal Age |
| 12:24 | Create | Fishing Ship |
| 12:51 | Build | House |
| 13:00 | Create | Villager (Male) |
| 13:00 | Create | Villager (Male) |
| 13:11 | Build | Palisade Wall |
| 13:13 | Build | Palisade Wall |
| 13:30 | Build | Palisade Wall |
| 13:34 | Build | Palisade Wall |
| 13:34 | Build | Palisade Wall |
| 13:35 | Build | Palisade Wall |
| 13:36 | Build | Palisade Wall |
| 14:34 | Age | Feudal Age |
| 14:37 | Build | Market |
| 14:38 | Build | Blacksmith |
| 15:04 | Build | Palisade Wall |
| 15:05 | Build | Palisade Wall |
| 15:24 | Research | Castle Age |
| 15:24 | Research | Castle Age |
| 15:34 | Build | Palisade Wall |
| 15:36 | Build | Palisade Wall |
| 15:37 | Build | House |
| 16:03 | Build | Mule Cart |
| 16:09 | Build | Palisade Wall |
| 16:10 | Build | Palisade Wall |
| 16:15 | Research | Double-Bit Axe |
| 16:39 | Research | Stone Mining |
| 16:39 | Research | Stone Mining |
| 17:08 | Build | Palisade Wall |
| 18:04 | Age | Castle Age |
| 18:11 | Build | Town Center |
| 18:22 | Build | Monastery |
| 18:26 | Build | Palisade Wall |
| 18:51 | Create | Monk |
| 18:52 | Create | Warrior Priest |
| 19:01 | Build | House |
| 19:04 | Build | Palisade Wall |
| 19:19 | Create | Villager (Male) |
| 19:29 | Create | Villager (Male) |
| 19:51 | Create | Villager (Male) |
| 20:03 | Build | Stone Wall |
| 20:09 | Create | Villager (Male) |
| 20:22 | Create | Monk |
| 20:40 | Build | Castle |
| 20:45 | Create | Villager (Male) |
| 20:52 | Build | Stone Wall |
| 20:53 | Build | Stone Wall |
| 20:54 | Create | Villager (Male) |
| 21:14 | Build | Stone Wall |
| 21:40 | Create | Villager (Male) |
| 21:45 | Research | Redemption |
| 22:01 | Build | Siege Workshop |
| 22:10 | Build | Monastery |
| 22:12 | Create | Villager (Male) |
| 22:30 | Create | Mangonel |
| 22:30 | Create | Mangonel |
| 22:43 | Create | Villager (Male) |
| 22:55 | Research | Sanctity |
| 22:55 | Research | Sanctity |
| 23:04 | Create | Villager (Male) |
| 23:10 | Research | Sanctity |
| 23:10 | Research | Sanctity |
| 23:17 | Create | Warrior Priest |
| 23:22 | Create | Warrior Priest |
| 23:54 | Create | Monk |
| 23:54 | Create | Monk |
| 24:03 | Build | Stone Wall |
| 24:14 | Build | Stone Wall |
| 24:16 | Build | Stone Wall |
| 24:40 | Create | Mangonel |
| 25:24 | Create | Warrior Priest |
| 25:44 | Create | Villager (Male) |
| 26:00 | Create | Warrior Priest |
| 26:09 | Build | Mule Cart |
| 27:40 | Create | Mangonel |
| 28:07 | Create | Villager (Male) |
| 28:08 | Research | Scale Mail Armor |
| 28:08 | Research | Scale Mail Armor |
| 28:37 | Create | Villager (Male) |
| 28:40 | Build | House |
| 28:48 | Research | Town Watch |
| 28:49 | Build | House |
Build order — Brunker
First 150 of 209 actions detected
| 0:02 | Build | Town Center |
| 1:00 | Build | Dock |
| 1:04 | Build | House |
| 2:26 | Create | Villager (Male) |
| 2:26 | Create | Villager (Male) |
| 2:26 | Create | Villager (Male) |
| 2:27 | Create | Villager (Male) |
| 2:27 | Create | Villager (Male) |
| 3:03 | Build | House |
| 3:53 | Create | Fishing Ship |
| 3:53 | Create | Fishing Ship |
| 4:09 | Create | Villager (Male) |
| 4:09 | Create | Villager (Male) |
| 4:31 | Build | House |
| 4:51 | Create | Villager (Male) |
| 4:51 | Create | Villager (Male) |
| 5:00 | Build | House |
| 5:16 | Create | Villager (Male) |
| 5:17 | Create | Villager (Male) |
| 5:40 | Create | Fishing Ship |
| 5:40 | Create | Fishing Ship |
| 5:45 | Create | Villager (Male) |
| 5:45 | Create | Villager (Male) |
| 6:04 | Build | House |
| 6:09 | Create | Villager (Male) |
| 6:09 | Create | Villager (Male) |
| 6:28 | Create | Fishing Ship |
| 6:48 | Create | Villager (Male) |
| 6:48 | Create | Villager (Male) |
| 7:05 | Create | Villager (Male) |
| 7:05 | Create | Villager (Male) |
| 7:18 | Create | Fishing Ship |
| 7:22 | Build | House |
| 7:24 | Create | Villager (Male) |
| 7:24 | Create | Villager (Male) |
| 7:44 | Create | Villager (Male) |
| 7:45 | Create | Villager (Male) |
| 7:51 | Create | Fishing Ship |
| 8:12 | Create | Villager (Male) |
| 8:12 | Create | Villager (Male) |
| 8:31 | Build | House |
| 8:32 | Create | Fishing Ship |
| 8:41 | Create | Villager (Male) |
| 8:41 | Create | Villager (Male) |
| 9:14 | Build | Dock |
| 9:16 | Create | Villager (Male) |
| 9:42 | Build | Palisade Wall |
| 9:45 | Create | Fishing Ship |
| 9:55 | Create | Villager (Male) |
| 10:00 | Build | House |
| 10:06 | Build | Mule Cart |
| 10:16 | Create | Fishing Ship |
| 10:16 | Create | Fishing Ship |
| 10:17 | Create | Villager (Male) |
| 10:26 | Build | Palisade Wall |
| 10:47 | Create | Fishing Ship |
| 10:52 | Create | Fishing Ship |
| 10:53 | Create | Villager (Male) |
| 11:06 | Research | Loom |
| 11:24 | Research | Feudal Age |
| 12:18 | Create | Fishing Ship |
| 12:20 | Create | Fishing Ship |
| 12:33 | Build | Barracks |
| 12:37 | Build | Outpost |
| 13:53 | Age | Feudal Age |
| 13:57 | Create | Unit 2626 |
| 13:57 | Create | Unit 2626 |
| 14:00 | Create | Villager (Male) |
| 14:06 | Research | Town Watch |
| 14:08 | Build | House |
| 14:13 | Build | Stable |
| 14:20 | Create | Villager (Male) |
| 14:37 | Build | Blacksmith |
| 15:24 | Research | Castle Age |
| 15:25 | Research | Castle Age |
| 15:46 | Research | Tech 906 |
| 15:47 | Research | Double-Bit Axe |
| 15:47 | Research | Double-Bit Axe |
| 16:19 | Create | Villager (Male) |
| 16:23 | Create | Villager (Male) |
| 16:56 | Create | Fire Galley |
| 16:57 | Create | Fire Galley |
| 16:57 | Create | Villager (Male) |
| 17:35 | Build | Dock |
| 18:04 | Create | Villager (Male) |
| 18:04 | Age | Castle Age |
| 18:14 | Create | Villager (Male) |
| 18:16 | Research | Scale Barding Armor |
| 18:16 | Research | Scale Barding Armor |
| 18:22 | Research | War Galley (upgrade) |
| 18:28 | Research | Bow Saw |
| 18:28 | Research | Bow Saw |
| 18:32 | Create | Villager (Male) |
| 18:56 | Build | Castle |
| 18:58 | Build | House |
| 19:04 | Create | Unit 2626 |
| 19:04 | Create | Unit 2626 |
| 19:10 | Build | House |
| 19:46 | Create | Unit 2626 |
| 19:47 | Create | Unit 2626 |
| 19:47 | Create | Unit 2626 |
| 19:48 | Create | Villager (Male) |
| 19:50 | Build | House |
| 20:02 | Research | Gold Mining |
| 20:02 | Research | Gold Mining |
| 20:03 | Research | Fletching |
| 20:03 | Research | Fletching |
| 20:04 | Create | Villager (Male) |
| 20:04 | Create | Villager (Male) |
| 20:32 | Create | Villager (Male) |
| 20:43 | Build | Mill |
| 20:47 | Create | Villager (Male) |
| 21:11 | Create | Unit 2626 |
| 21:23 | Create | Unit 2626 |
| 21:23 | Create | Unit 2626 |
| 21:30 | Create | Monaspa |
| 21:31 | Create | Monaspa |
| 21:34 | Create | Villager (Male) |
| 21:51 | Create | Monaspa |
| 21:59 | Build | Siege Workshop |
| 22:18 | Build | House |
| 22:19 | Create | Villager (Male) |
| 22:21 | Create | Monaspa |
| 22:32 | Create | Battering Ram |
| 22:41 | Create | Villager (Male) |
| 22:46 | Create | Mangonel |
| 22:47 | Create | Mangonel |
| 23:08 | Create | Villager (Male) |
| 23:08 | Create | Villager (Male) |
| 23:14 | Build | Mule Cart |
| 23:20 | Create | Villager (Male) |
| 23:35 | Create | Unit 2626 |
| 23:35 | Create | Unit 2626 |
| 23:36 | Create | Villager (Male) |
| 23:49 | Create | Monaspa |
| 23:57 | Create | Battering Ram |
| 24:10 | Research | Forging |
| 24:11 | Create | Villager (Male) |
| 24:11 | Create | Villager (Male) |
| 24:22 | Build | Monastery |
| 24:30 | Create | Villager (Male) |
| 24:31 | Create | Monaspa |
| 25:14 | Create | Monaspa |
| 25:15 | Create | Villager (Male) |
| 25:20 | Build | Town Center |
| 25:22 | Create | Villager (Male) |
| 25:22 | Create | Villager (Male) |
| 25:24 | Create | Monk |
| 25:34 | Create | Villager (Male) |
| 25:48 | Create | Villager (Male) |
Build order — BoyWonder_
First 150 of 290 actions detected
| 0:13 | Build | Town Center |
| 0:53 | Build | Dock |
| 0:56 | Build | House |
| 2:32 | Create | Villager (Male) |
| 2:32 | Create | Villager (Male) |
| 2:34 | Create | Villager (Male) |
| 2:34 | Create | Villager (Male) |
| 2:34 | Create | Villager (Male) |
| 3:13 | Create | Fishing Ship |
| 3:52 | Create | Villager (Male) |
| 4:20 | Build | House |
| 4:32 | Create | Villager (Male) |
| 4:33 | Create | Villager (Male) |
| 4:48 | Create | Fishing Ship |
| 5:01 | Create | Villager (Male) |
| 5:25 | Create | Villager (Male) |
| 5:29 | Build | House |
| 5:49 | Create | Villager (Male) |
| 5:59 | Create | Fishing Ship |
| 6:12 | Create | Villager (Male) |
| 6:16 | Build | House |
| 6:41 | Create | Villager (Male) |
| 6:42 | Create | Fishing Ship |
| 7:00 | Create | Villager (Male) |
| 7:01 | Create | Villager (Male) |
| 7:19 | Create | Fishing Ship |
| 7:27 | Create | Villager (Male) |
| 7:46 | Build | Lumber Camp |
| 7:55 | Create | Villager (Male) |
| 7:59 | Build | House |
| 8:12 | Create | Fishing Ship |
| 8:14 | Create | Villager (Male) |
| 8:34 | Create | Villager (Male) |
| 8:38 | Create | Fishing Ship |
| 8:55 | Create | Villager (Male) |
| 8:58 | Build | House |
| 9:06 | Create | Villager (Male) |
| 9:18 | Build | Dock |
| 9:27 | Create | Fishing Ship |
| 9:31 | Build | Dock |
| 9:47 | Create | Villager (Male) |
| 10:06 | Create | Fishing Ship |
| 10:11 | Build | House |
| 10:13 | Create | Fishing Ship |
| 10:17 | Create | Villager (Male) |
| 10:24 | Build | Mining Camp |
| 10:31 | Create | Villager (Male) |
| 10:50 | Create | Fishing Ship |
| 10:51 | Create | Fishing Ship |
| 11:04 | Create | Villager (Male) |
| 11:24 | Create | Fishing Ship |
| 11:48 | Research | Feudal Age |
| 11:58 | Build | Dock |
| 12:05 | Build | Mill |
| 12:16 | Build | House |
| 13:08 | Create | Villager (Male) |
| 13:17 | Create | Fishing Ship |
| 13:41 | Build | Dock |
| 13:58 | Age | Feudal Age |
| 13:59 | Build | Market |
| 14:00 | Build | Blacksmith |
| 14:06 | Create | Unit 2626 |
| 14:08 | Create | Fire Galley |
| 14:13 | Create | Villager (Male) |
| 14:17 | Build | Lumber Camp |
| 14:53 | Research | Castle Age |
| 15:06 | Research | Double-Bit Axe |
| 15:12 | Build | House |
| 15:17 | Create | Fire Galley |
| 15:22 | Research | Tech 906 |
| 15:22 | Research | Tech 906 |
| 15:52 | Create | Fire Galley |
| 15:59 | Create | Unit 2626 |
| 16:00 | Create | Villager (Male) |
| 16:12 | Create | Fire Galley |
| 16:26 | Create | Unit 2626 |
| 16:30 | Create | Villager (Male) |
| 16:41 | Create | Unit 2626 |
| 16:42 | Create | Villager (Male) |
| 16:45 | Research | Gold Mining |
| 16:46 | Research | Gold Mining |
| 16:56 | Build | House |
| 17:33 | Age | Castle Age |
| 17:36 | Research | War Galley (upgrade) |
| 17:36 | Research | Gillnets |
| 17:39 | Research | Bow Saw |
| 17:39 | Research | Bow Saw |
| 18:00 | Research | Forging |
| 18:01 | Research | Forging |
| 18:15 | Create | Villager (Male) |
| 18:24 | Create | Villager (Male) |
| 18:28 | Create | Unit 2626 |
| 18:29 | Build | House |
| 18:30 | Create | Unit 2626 |
| 18:34 | Build | Town Center |
| 18:38 | Build | Farm |
| 18:40 | Build | Farm |
| 18:56 | Create | Unit 2626 |
| 19:01 | Create | Unit 2626 |
| 19:03 | Create | Unit 2626 |
| 19:06 | Build | Farm |
| 19:07 | Build | Farm |
| 19:10 | Create | Villager (Male) |
| 19:18 | Create | Villager (Male) |
| 19:21 | Build | Farm |
| 19:38 | Create | Unit 2626 |
| 19:43 | Build | House |
| 19:44 | Create | Villager (Male) |
| 19:48 | Create | Unit 2626 |
| 19:51 | Build | Farm |
| 20:10 | Create | Villager (Male) |
| 20:16 | Build | Farm |
| 20:22 | Build | House |
| 20:24 | Build | Town Center |
| 20:35 | Create | Villager (Male) |
| 20:48 | Create | Villager (Male) |
| 20:50 | Build | Farm |
| 20:55 | Research | Wheelbarrow |
| 20:55 | Research | Wheelbarrow |
| 21:02 | Create | Unit 2626 |
| 21:03 | Create | Villager (Male) |
| 21:17 | Create | Villager (Male) |
| 21:19 | Build | Farm |
| 21:26 | Create | Villager (Male) |
| 21:31 | Build | House |
| 21:36 | Create | Villager (Male) |
| 21:39 | Build | Farm |
| 21:39 | Build | Farm |
| 21:40 | Research | Loom |
| 21:46 | Create | Villager (Male) |
| 21:49 | Create | Fire Galley |
| 22:04 | Create | Villager (Male) |
| 22:08 | Build | House |
| 22:14 | Build | Mill |
| 22:16 | Create | Villager (Male) |
| 22:19 | Build | Mill |
| 22:30 | Create | Villager (Male) |
| 22:42 | Create | Villager (Male) |
| 22:42 | Create | Fire Galley |
| 22:48 | Build | Farm |
| 22:50 | Research | Horse Collar |
| 22:52 | Create | Villager (Male) |
| 23:06 | Create | Villager (Male) |
| 23:12 | Build | House |
| 23:19 | Research | Hand Cart |
| 23:19 | Research | Hand Cart |
| 23:20 | Create | Villager (Male) |
| 23:20 | Create | Villager (Male) |
| 23:27 | Create | Villager (Male) |
| 23:29 | Create | Villager (Male) |
Build order — Elnath
First 150 of 202 actions detected
| 0:15 | Build | Town Center |
| 1:22 | Build | House |
| 2:14 | Build | Dock |
| 2:31 | Create | Villager (Male) |
| 2:31 | Create | Villager (Male) |
| 2:31 | Create | Villager (Male) |
| 2:50 | Create | Villager (Male) |
| 3:28 | Create | Fishing Ship |
| 4:08 | Research | Loom |
| 4:15 | Build | House |
| 4:31 | Create | Villager (Male) |
| 4:54 | Create | Villager (Male) |
| 5:09 | Create | Fishing Ship |
| 5:09 | Create | Fishing Ship |
| 5:25 | Create | Villager (Male) |
| 5:46 | Create | Fishing Ship |
| 5:54 | Create | Villager (Male) |
| 6:09 | Build | House |
| 6:25 | Create | Villager (Male) |
| 6:41 | Create | Fishing Ship |
| 6:58 | Create | Villager (Male) |
| 7:14 | Create | Villager (Male) |
| 7:17 | Create | Fishing Ship |
| 7:39 | Build | House |
| 7:43 | Create | Villager (Male) |
| 7:44 | Create | Villager (Male) |
| 8:02 | Create | Villager (Male) |
| 8:04 | Create | Fishing Ship |
| 8:27 | Build | Dock |
| 8:30 | Create | Villager (Male) |
| 8:46 | Build | House |
| 8:48 | Create | Villager (Male) |
| 8:50 | Create | Fishing Ship |
| 9:06 | Create | Fishing Ship |
| 9:18 | Build | House |
| 9:34 | Create | Villager (Male) |
| 9:34 | Create | Villager (Male) |
| 9:37 | Create | Fishing Ship |
| 9:51 | Create | Fishing Ship |
| 9:52 | Create | Villager (Male) |
| 10:03 | Build | House |
| 10:11 | Create | Villager (Male) |
| 10:29 | Create | Villager (Male) |
| 10:32 | Build | Lumber Camp |
| 11:01 | Create | Fishing Ship |
| 11:02 | Create | Fishing Ship |
| 11:25 | Research | Feudal Age |
| 11:39 | Build | Mining Camp |
| 11:43 | Build | House |
| 12:20 | Create | Villager (Male) |
| 12:38 | Build | Mill |
| 13:35 | Age | Feudal Age |
| 13:39 | Build | Market |
| 13:42 | Build | Blacksmith |
| 13:45 | Research | Town Watch |
| 13:52 | Research | Double-Bit Axe |
| 14:21 | Build | House |
| 14:24 | Build | Palisade Wall |
| 14:26 | Build | Palisade Wall |
| 14:45 | Research | Castle Age |
| 15:12 | Create | Unit 2626 |
| 15:12 | Create | Unit 2626 |
| 15:45 | Research | Wheelbarrow |
| 16:37 | Build | Dock |
| 17:25 | Age | Castle Age |
| 17:32 | Build | Town Center |
| 17:34 | Build | Monastery |
| 17:37 | Research | Bow Saw |
| 17:41 | Create | Villager (Male) |
| 17:44 | Create | Unit 2626 |
| 17:45 | Create | Unit 2626 |
| 18:14 | Create | Unit 2626 |
| 18:15 | Create | Unit 2626 |
| 18:21 | Research | War Galley (upgrade) |
| 18:30 | Create | Monk |
| 18:32 | Create | Villager (Male) |
| 18:36 | Build | Lumber Camp |
| 18:38 | Create | Villager (Male) |
| 18:44 | Create | Unit 2626 |
| 18:46 | Create | Unit 2626 |
| 18:56 | Build | Outpost |
| 18:58 | Create | Villager (Male) |
| 19:00 | Create | Villager (Male) |
| 19:09 | Create | Villager (Male) |
| 19:17 | Create | Villager (Male) |
| 19:21 | Create | Monk |
| 19:38 | Create | Unit 2626 |
| 19:39 | Create | Unit 2626 |
| 19:52 | Create | Villager (Male) |
| 19:55 | Create | Villager (Male) |
| 20:06 | Build | Town Center |
| 20:12 | Create | Monk |
| 20:29 | Create | Villager (Male) |
| 20:34 | Research | Tech 906 |
| 20:34 | Research | Tech 906 |
| 20:41 | Create | Monk |
| 20:42 | Create | Villager (Male) |
| 20:51 | Build | Town Center |
| 21:04 | Create | Villager (Male) |
| 21:15 | Create | Villager (Male) |
| 21:19 | Build | House |
| 21:22 | Research | Horse Collar |
| 21:27 | Create | Villager (Male) |
| 21:35 | Create | Villager (Male) |
| 21:58 | Create | Villager (Male) |
| 22:04 | Create | Villager (Male) |
| 22:07 | Research | Sanctity |
| 22:10 | Create | Villager (Male) |
| 22:12 | Build | Farm |
| 22:15 | Build | Farm |
| 22:16 | Build | Farm |
| 22:20 | Create | Villager (Male) |
| 22:27 | Create | Villager (Male) |
| 22:32 | Build | Farm |
| 22:32 | Build | Farm |
| 22:35 | Build | Farm |
| 22:43 | Create | Villager (Male) |
| 22:46 | Create | Villager (Male) |
| 23:09 | Create | Villager (Male) |
| 23:09 | Create | Villager (Male) |
| 23:13 | Build | Farm |
| 23:18 | Create | Villager (Male) |
| 23:26 | Research | Redemption |
| 23:32 | Create | Villager (Male) |
| 23:43 | Create | Villager (Male) |
| 23:59 | Build | House |
| 24:00 | Create | Villager (Male) |
| 24:02 | Build | House |
| 24:05 | Create | Villager (Male) |
| 24:10 | Build | Mill |
| 24:16 | Create | Monk |
| 24:22 | Build | House |
| 24:24 | Build | House |
| 24:26 | Build | House |
| 24:29 | Create | Villager (Male) |
| 24:34 | Research | Hand Cart |
| 24:34 | Create | Villager (Male) |
| 24:42 | Create | Monk |
| 24:47 | Create | Villager (Male) |
| 24:57 | Research | Fletching |
| 24:57 | Create | Villager (Male) |
| 25:11 | Build | Mining Camp |
| 25:15 | Create | Villager (Male) |
| 25:31 | Create | Villager (Male) |
| 25:31 | Create | Villager (Male) |
| 25:35 | Create | Villager (Male) |
| 25:38 | Create | Villager (Male) |
| 25:42 | Build | Farm |
| 25:44 | Create | Villager (Male) |
| 25:51 | Create | Villager (Male) |
Build order — Gary_zZ
117 actions detected in the replay
| 0:08 | Build | Town Center |
| 0:30 | Build | Dock |
| 0:32 | Build | House |
| 1:15 | Build | Palisade Wall |
| 1:17 | Build | Palisade Wall |
| 2:28 | Create | Villager (Male) |
| 2:28 | Create | Villager (Male) |
| 2:29 | Create | Villager (Male) |
| 2:29 | Create | Villager (Male) |
| 2:29 | Create | Villager (Male) |
| 3:36 | Create | Fishing Ship |
| 3:37 | Create | Fishing Ship |
| 3:41 | Create | Villager (Male) |
| 4:20 | Build | House |
| 4:27 | Create | Villager (Male) |
| 4:53 | Create | Villager (Male) |
| 5:10 | Create | Villager (Male) |
| 5:21 | Create | Fishing Ship |
| 5:48 | Create | Villager (Male) |
| 5:51 | Build | House |
| 6:05 | Create | Villager (Male) |
| 6:13 | Create | Fishing Ship |
| 6:29 | Create | Villager (Male) |
| 6:43 | Create | Villager (Male) |
| 6:45 | Create | Fishing Ship |
| 6:55 | Build | House |
| 7:11 | Create | Villager (Male) |
| 7:40 | Create | Fishing Ship |
| 7:42 | Create | Villager (Male) |
| 8:01 | Create | Villager (Male) |
| 8:06 | Create | Fishing Ship |
| 8:11 | Build | House |
| 8:28 | Create | Villager (Male) |
| 8:28 | Create | Villager (Male) |
| 8:32 | Create | Fishing Ship |
| 9:22 | Build | Mining Camp |
| 9:26 | Create | Villager (Male) |
| 9:28 | Create | Fishing Ship |
| 9:30 | Build | House |
| 9:56 | Create | Villager (Male) |
| 10:16 | Create | Fishing Ship |
| 10:31 | Build | House |
| 10:36 | Research | Feudal Age |
| 10:41 | Build | Dock |
| 11:03 | Build | Dock |
| 11:30 | Build | House |
| 11:43 | Build | Mill |
| 12:21 | Create | Villager (Male) |
| 12:21 | Research | Loom |
| 12:46 | Age | Feudal Age |
| 12:47 | Build | Blacksmith |
| 12:51 | Build | Market |
| 13:14 | Create | Fire Galley |
| 13:41 | Research | Castle Age |
| 13:42 | Research | Castle Age |
| 13:47 | Build | House |
| 13:51 | Build | Palisade Wall |
| 14:06 | Build | Lumber Camp |
| 14:46 | Create | Fire Galley |
| 14:47 | Create | Fire Galley |
| 14:52 | Create | Villager (Male) |
| 14:56 | Create | Unit 2626 |
| 14:58 | Create | Villager (Male) |
| 15:05 | Build | House |
| 15:06 | Build | Palisade Wall |
| 15:09 | Research | Double-Bit Axe |
| 15:10 | Research | Double-Bit Axe |
| 15:42 | Create | Unit 2626 |
| 15:42 | Create | Fire Galley |
| 15:50 | Create | Villager (Male) |
| 16:10 | Create | Villager (Male) |
| 16:21 | Age | Castle Age |
| 16:25 | Research | War Galley (upgrade) |
| 16:38 | Create | Fire Galley |
| 16:39 | Create | Fire Galley |
| 16:40 | Create | Villager (Male) |
| 16:53 | Create | Villager (Male) |
| 16:56 | Build | House |
| 16:58 | Build | Palisade Wall |
| 17:03 | Research | Bow Saw |
| 17:11 | Create | Fire Galley |
| 17:20 | Create | Villager (Male) |
| 17:28 | Create | Galley |
| 17:29 | Create | Galley |
| 17:29 | Create | Villager (Male) |
| 17:45 | Create | Villager (Male) |
| 17:57 | Build | House |
| 17:57 | Build | House |
| 18:02 | Create | Villager (Male) |
| 18:05 | Create | Galley |
| 18:16 | Create | Villager (Male) |
| 18:19 | Create | Villager (Male) |
| 18:20 | Build | Palisade Wall |
| 18:30 | Create | Villager (Male) |
| 18:35 | Build | House |
| 18:47 | Build | Palisade Wall |
| 18:47 | Create | Villager (Male) |
| 18:48 | Build | Palisade Wall |
| 18:53 | Create | Villager (Male) |
| 19:10 | Create | Villager (Male) |
| 19:16 | Build | Barracks |
| 19:24 | Build | House |
| 19:32 | Create | Galley |
| 19:56 | Create | Villager (Male) |
| 20:03 | Build | House |
| 20:05 | Build | House |
| 20:08 | Build | House |
| 20:14 | Build | Palisade Wall |
| 20:16 | Build | House |
| 20:23 | Create | Villager (Male) |
| 20:35 | Create | Villager (Male) |
| 21:00 | Create | Villager (Male) |
| 21:10 | Build | House |
| 22:04 | Create | Villager (Male) |
| 22:18 | Create | Villager (Male) |
| 25:46 | Build | Lumber Camp |
| 29:28 | Build | Town Center |
Build order — Dovecar
First 150 of 214 actions detected
| 0:07 | Build | Town Center |
| 1:22 | Build | Dock |
| 1:24 | Build | House |
| 2:30 | Create | Villager (Male) |
| 2:31 | Create | Villager (Male) |
| 2:31 | Create | Villager (Male) |
| 2:31 | Create | Villager (Male) |
| 3:42 | Build | Palisade Gate |
| 3:47 | Create | Fishing Ship |
| 3:57 | Build | House |
| 4:12 | Build | Palisade Gate |
| 4:16 | Research | Loom |
| 4:27 | Create | Villager (Male) |
| 4:41 | Create | Fishing Ship |
| 5:06 | Create | Villager (Male) |
| 5:06 | Create | Villager (Male) |
| 5:32 | Create | Fishing Ship |
| 5:34 | Create | Villager (Male) |
| 5:58 | Create | Villager (Male) |
| 5:58 | Create | Villager (Male) |
| 6:06 | Build | House |
| 6:10 | Build | House |
| 6:24 | Create | Villager (Male) |
| 6:38 | Create | Villager (Male) |
| 6:39 | Create | Villager (Male) |
| 6:55 | Create | Fishing Ship |
| 6:55 | Create | Fishing Ship |
| 6:59 | Create | Villager (Male) |
| 6:59 | Create | Villager (Male) |
| 7:18 | Create | Villager (Male) |
| 7:30 | Create | Villager (Male) |
| 7:55 | Create | Villager (Male) |
| 7:58 | Create | Villager (Male) |
| 8:06 | Create | Fishing Ship |
| 8:26 | Create | Fishing Ship |
| 8:26 | Create | Villager (Male) |
| 8:42 | Build | House |
| 8:53 | Create | Fishing Ship |
| 8:58 | Create | Villager (Male) |
| 9:19 | Create | Villager (Male) |
| 9:23 | Build | House |
| 9:27 | Create | Villager (Male) |
| 9:44 | Build | Palisade Wall |
| 9:47 | Build | Palisade Wall |
| 9:49 | Build | Palisade Wall |
| 9:51 | Build | Palisade Wall |
| 9:59 | Build | House |
| 10:02 | Create | Fishing Ship |
| 10:03 | Create | Villager (Male) |
| 10:10 | Build | Palisade Wall |
| 10:22 | Build | Palisade Wall |
| 10:25 | Build | Palisade Wall |
| 10:26 | Build | Palisade Wall |
| 10:28 | Build | Palisade Wall |
| 10:29 | Build | Palisade Wall |
| 10:51 | Build | Settlement |
| 11:07 | Create | Fishing Ship |
| 11:13 | Build | Palisade Wall |
| 11:21 | Research | Feudal Age |
| 11:28 | Build | Settlement |
| 11:41 | Build | Palisade Wall |
| 12:00 | Build | Dock |
| 12:07 | Create | Fishing Ship |
| 12:41 | Create | Fishing Ship |
| 12:43 | Create | Fishing Ship |
| 12:54 | Create | Villager (Male) |
| 12:54 | Create | Villager (Male) |
| 13:34 | Age | Feudal Age |
| 13:35 | Build | Market |
| 13:42 | Create | Villager (Male) |
| 14:10 | Build | Blacksmith |
| 14:55 | Create | Fishing Ship |
| 14:55 | Create | Fishing Ship |
| 14:59 | Research | Castle Age |
| 15:00 | Research | Castle Age |
| 15:25 | Create | Fishing Ship |
| 15:45 | Research | Double-Bit Axe |
| 15:45 | Research | Double-Bit Axe |
| 15:56 | Build | Settlement |
| 16:25 | Research | Tech 906 |
| 16:25 | Research | Tech 906 |
| 16:52 | Create | Villager (Male) |
| 17:02 | Build | Dock |
| 17:27 | Research | Scale Mail Armor |
| 17:30 | Research | Gold Mining |
| 17:39 | Age | Castle Age |
| 17:42 | Build | Castle |
| 18:05 | Create | Villager (Male) |
| 18:19 | Create | Villager (Male) |
| 18:25 | Research | Bow Saw |
| 18:25 | Research | Bow Saw |
| 18:32 | Create | Kamayuk |
| 18:32 | Create | Kamayuk |
| 18:57 | Create | Villager (Male) |
| 19:07 | Create | Unit 2626 |
| 19:07 | Create | Unit 2626 |
| 19:12 | Create | Kamayuk |
| 19:12 | Create | Kamayuk |
| 19:28 | Create | Villager (Male) |
| 19:40 | Build | Siege Workshop |
| 19:57 | Create | Villager (Male) |
| 20:08 | Build | Settlement |
| 20:13 | Create | Kamayuk |
| 20:13 | Create | Kamayuk |
| 20:14 | Create | Kamayuk |
| 20:28 | Create | Mangonel |
| 20:30 | Build | House |
| 20:41 | Create | Kamayuk |
| 20:41 | Create | Kamayuk |
| 20:44 | Create | Battering Ram |
| 20:47 | Create | Villager (Male) |
| 20:50 | Build | Farm |
| 21:13 | Build | Farm |
| 21:14 | Build | Farm |
| 21:18 | Create | Villager (Male) |
| 21:40 | Create | Villager (Male) |
| 21:47 | Build | Town Center |
| 21:49 | Create | Kamayuk |
| 21:49 | Create | Kamayuk |
| 21:50 | Create | Kamayuk |
| 22:08 | Create | Villager (Male) |
| 22:24 | Create | Battering Ram |
| 22:34 | Create | Villager (Male) |
| 22:50 | Create | Villager (Male) |
| 22:53 | Create | Kamayuk |
| 22:53 | Create | Villager (Male) |
| 23:05 | Create | Villager (Male) |
| 23:08 | Create | Villager (Male) |
| 23:19 | Create | Battering Ram |
| 23:19 | Create | Villager (Male) |
| 23:23 | Build | Farm |
| 23:24 | Build | Farm |
| 23:26 | Create | Villager (Male) |
| 23:36 | Create | Kamayuk |
| 23:39 | Create | Kamayuk |
| 23:39 | Create | Kamayuk |
| 23:58 | Create | Villager (Male) |
| 24:24 | Create | Villager (Male) |
| 24:27 | Build | Farm |
| 24:27 | Build | Farm |
| 24:27 | Build | Farm |
| 24:28 | Build | Farm |
| 24:28 | Build | Farm |
| 24:29 | Create | Villager (Male) |
| 24:43 | Create | Villager (Male) |
| 24:45 | Create | Villager (Male) |
| 24:47 | Build | Farm |
| 24:48 | Build | Farm |
| 24:48 | Build | Farm |
| 24:50 | Create | Kamayuk |
Build order — Djo
First 150 of 153 actions detected
| 0:08 | Build | Town Center |
| 0:49 | Build | Palisade Wall |
| 1:33 | Build | Dock |
| 1:35 | Build | House |
| 2:40 | Create | Villager (Male) |
| 2:40 | Create | Villager (Male) |
| 2:40 | Create | Villager (Male) |
| 2:40 | Create | Villager (Male) |
| 3:50 | Create | Fishing Ship |
| 4:25 | Research | Loom |
| 4:28 | Build | House |
| 4:50 | Create | Villager (Male) |
| 5:17 | Create | Villager (Male) |
| 5:33 | Build | Palisade Wall |
| 5:44 | Create | Fishing Ship |
| 6:25 | Create | Fishing Ship |
| 6:36 | Build | House |
| 6:54 | Create | Villager (Male) |
| 7:08 | Create | Fishing Ship |
| 7:21 | Create | Villager (Male) |
| 7:42 | Create | Villager (Male) |
| 7:51 | Create | Fishing Ship |
| 7:59 | Create | Villager (Male) |
| 8:27 | Create | Villager (Male) |
| 8:32 | Create | Villager (Male) |
| 8:40 | Build | Mill |
| 8:52 | Build | House |
| 9:12 | Create | Fishing Ship |
| 9:27 | Create | Villager (Male) |
| 9:41 | Create | Villager (Male) |
| 9:48 | Create | Villager (Male) |
| 10:02 | Create | Fishing Ship |
| 10:06 | Create | Villager (Male) |
| 10:21 | Build | House |
| 10:40 | Build | Mill |
| 11:03 | Create | Villager (Male) |
| 11:05 | Create | Fishing Ship |
| 11:24 | Create | Villager (Male) |
| 11:33 | Build | House |
| 11:38 | Create | Villager (Male) |
| 11:50 | Create | Fishing Ship |
| 12:12 | Build | Mining Camp |
| 12:33 | Research | Feudal Age |
| 13:22 | Create | Fishing Ship |
| 14:33 | Create | Villager (Male) |
| 14:36 | Create | Villager (Male) |
| 14:43 | Age | Feudal Age |
| 14:43 | Research | Town Watch |
| 14:51 | Build | Market |
| 14:55 | Build | Blacksmith |
| 15:38 | Research | Castle Age |
| 17:10 | Create | Villager (Male) |
| 17:39 | Create | Villager (Male) |
| 17:54 | Create | Villager (Male) |
| 18:01 | Build | House |
| 18:18 | Age | Castle Age |
| 18:23 | Create | Villager (Male) |
| 18:28 | Build | Castle |
| 18:36 | Research | Horse Collar |
| 18:38 | Build | Lumber Camp |
| 19:08 | Create | Villager (Male) |
| 19:24 | Build | Mining Camp |
| 19:36 | Create | Organ Gun |
| 19:36 | Create | Organ Gun |
| 19:41 | Create | Villager (Male) |
| 19:54 | Build | Monastery |
| 19:58 | Research | Double-Bit Axe |
| 20:00 | Create | Villager (Male) |
| 20:03 | Build | Farm |
| 20:04 | Build | Farm |
| 20:06 | Build | Farm |
| 20:17 | Create | Organ Gun |
| 20:52 | Create | Monk |
| 21:19 | Create | Organ Gun |
| 21:44 | Create | Villager (Male) |
| 21:46 | Build | Farm |
| 21:48 | Build | Farm |
| 22:00 | Create | Villager (Male) |
| 22:23 | Create | Villager (Male) |
| 22:55 | Build | Town Center |
| 22:59 | Create | Organ Gun |
| 22:59 | Create | Organ Gun |
| 23:11 | Create | Organ Gun |
| 23:16 | Create | Villager (Male) |
| 23:19 | Build | Farm |
| 23:40 | Create | Villager (Male) |
| 23:47 | Build | House |
| 23:47 | Build | House |
| 23:54 | Create | Organ Gun |
| 24:06 | Create | Villager (Male) |
| 24:32 | Create | Villager (Male) |
| 25:03 | Create | Villager (Male) |
| 25:10 | Build | Farm |
| 25:11 | Build | Farm |
| 25:12 | Build | Farm |
| 25:14 | Create | Villager (Male) |
| 25:31 | Create | Villager (Male) |
| 25:41 | Build | Town Center |
| 25:46 | Build | Farm |
| 26:14 | Create | Villager (Male) |
| 26:15 | Create | Villager (Male) |
| 26:25 | Build | Mill |
| 26:34 | Create | Villager (Male) |
| 26:34 | Create | Villager (Male) |
| 27:02 | Create | Villager (Male) |
| 27:07 | Create | Villager (Male) |
| 27:16 | Create | Villager (Male) |
| 27:17 | Create | Villager (Male) |
| 27:20 | Build | Farm |
| 27:20 | Build | Farm |
| 27:21 | Build | Farm |
| 27:21 | Build | Farm |
| 27:21 | Build | Farm |
| 27:21 | Build | Farm |
| 27:22 | Build | Farm |
| 27:23 | Create | Monk |
| 27:25 | Create | Villager (Male) |
| 27:43 | Create | Villager (Male) |
| 27:43 | Create | Villager (Male) |
| 27:44 | Create | Villager (Male) |
| 27:55 | Build | Lumber Camp |
| 28:07 | Create | Villager (Male) |
| 28:08 | Create | Villager (Male) |
| 28:11 | Build | Farm |
| 28:29 | Create | Organ Gun |
| 28:30 | Create | Organ Gun |
| 28:31 | Create | Villager (Male) |
| 28:36 | Create | Villager (Male) |
| 28:36 | Create | Villager (Male) |
| 28:40 | Build | Lumber Camp |
| 29:03 | Research | Gold Mining |
| 29:12 | Build | House |
| 29:15 | Build | House |
| 29:24 | Build | Farm |
| 29:24 | Build | Farm |
| 29:34 | Build | Lumber Camp |
| 29:36 | Create | Villager (Male) |
| 29:43 | Create | Villager (Male) |
| 29:44 | Create | Villager (Male) |
| 29:45 | Create | Villager (Male) |
| 29:47 | Create | Villager (Male) |
| 30:14 | Build | Town Center |
| 30:19 | Build | Farm |
| 30:39 | Create | Villager (Male) |
| 30:39 | Create | Villager (Male) |
| 30:39 | Create | Villager (Male) |
| 30:40 | Create | Villager (Male) |
| 30:50 | Build | Farm |
| 30:59 | Build | House |
| 31:00 | Build | House |
Match timeline
| 0:30 | Gary_zZ · first_building Dock |
| 0:45 | Eli · first_building Dock |
| 0:49 | Djo · wall_segment Palisade Wall x1 |
| 0:53 | BoyWonder_ · first_building Dock |
| 1:00 | Brunker · first_building Dock |
| 1:15 | Gary_zZ · wall_segment Palisade Wall x1 |
| 1:17 | Gary_zZ · wall_segment Palisade Wall x1 |
| 1:22 | Dovecar · first_building Dock |
| 1:28 | S-Tier Willy · first_building Dock |
| 1:33 | Djo · first_building Dock |
| 2:14 | Elnath · first_building Dock |
| 2:20 | Eli · wall_segment Palisade Wall x1 |
| 5:25 | S-Tier Willy · wall_segment Palisade Wall x1 |
| 5:33 | Djo · wall_segment Palisade Wall x1 |
| 6:11 | S-Tier Willy · wall_segment Palisade Wall x4 |
| 9:42 | Brunker · wall_segment Palisade Wall x1 |
| 9:44 | Dovecar · wall_segment Palisade Wall x1 |
| 9:47 | Dovecar · wall_segment Palisade Wall x1 |
| 9:49 | Dovecar · wall_segment Palisade Wall x1 |
| 9:51 | Dovecar · wall_segment Palisade Wall x1 |
| 10:10 | Dovecar · wall_segment Palisade Wall x1 |
| 10:22 | Dovecar · wall_segment Palisade Wall x1 |
| 10:25 | Dovecar · wall_segment Palisade Wall x1 |
| 10:26 | Brunker · wall_segment Palisade Wall x4 |
| 10:26 | Dovecar · wall_segment Palisade Wall x1 |
| 10:28 | Dovecar · wall_segment Palisade Wall x1 |
| 10:29 | Dovecar · wall_segment Palisade Wall x1 |
| 11:13 | Dovecar · wall_segment Palisade Wall x5 |
| 11:41 | Dovecar · wall_segment Palisade Wall x1 |
| 12:33 | Brunker · first_building Barracks |
| 12:46 | Gary_zZ · age_up feudal |
| 12:49 | S-Tier Willy · first_building Barracks |
| 13:11 | Eli · wall_segment Palisade Wall x1 |
| 13:13 | Eli · wall_segment Palisade Wall x1 |
| 13:30 | Eli · wall_segment Palisade Wall x1 |
| 13:34 | Eli · wall_segment Palisade Wall x1 |
| 13:34 | Eli · wall_segment Palisade Wall x1 |
| 13:34 | Dovecar · age_up feudal |
| 13:35 | Elnath · age_up feudal |
| 13:35 | Eli · wall_segment Palisade Wall x1 |
| 13:36 | Eli · wall_segment Palisade Wall x1 |
| 13:51 | Gary_zZ · wall_segment Palisade Wall x2 |
| 13:53 | Brunker · age_up feudal |
| 13:58 | BoyWonder_ · age_up feudal |
| 14:13 | Brunker · first_building Stable |
| 14:24 | Elnath · wall_segment Palisade Wall x4 |
| 14:26 | Elnath · wall_segment Palisade Wall x2 |
| 14:33 | S-Tier Willy · age_up feudal |
| 14:34 | Eli · age_up feudal |
| 14:43 | Djo · age_up feudal |
| 14:47 | S-Tier Willy · first_building Stable |
| 15:04 | Eli · wall_segment Palisade Wall x5 |
| 15:05 | Eli · wall_segment Palisade Wall x4 |
| 15:06 | Gary_zZ · wall_segment Palisade Wall x2 |
| 15:34 | Eli · wall_segment Palisade Wall x1 |
| 15:36 | Eli · wall_segment Palisade Wall x1 |
| 15:36 | Djo · first_market_sell 100 stone |
| 16:09 | Eli · wall_segment Palisade Wall x1 |
| 16:10 | Eli · wall_segment Palisade Wall x1 |
| 16:21 | Gary_zZ · age_up castle |
| 16:58 | Gary_zZ · wall_segment Palisade Wall x4 |
| 17:08 | Eli · wall_segment Palisade Wall x8 |
| 17:25 | Elnath · age_up castle |
| 17:33 | BoyWonder_ · age_up castle |
| 17:34 | Elnath · first_building Monastery |
| 17:39 | Dovecar · age_up castle |
| 17:42 | Dovecar · first_building Castle |
| 18:04 | Eli · age_up castle |
| 18:04 | Brunker · age_up castle |
| 18:05 | S-Tier Willy · age_up castle |
| 18:16 | S-Tier Willy · first_building Siege Workshop |
| 18:18 | Djo · age_up castle |
| 18:20 | Gary_zZ · wall_segment Palisade Wall x1 |
| 18:22 | Eli · first_building Monastery |
| 18:26 | Eli · wall_segment Palisade Wall x7 |
| 18:28 | Djo · first_building Castle |
| 18:47 | Gary_zZ · wall_segment Palisade Wall x4 |
| 18:48 | Gary_zZ · wall_segment Palisade Wall x2 |
| 18:54 | S-Tier Willy · first_building Monastery |
| 18:56 | Brunker · first_building Castle |
| 19:04 | Eli · wall_segment Palisade Wall x1 |
| 19:09 | BoyWonder_ · first_market_buy 100 food |
| 19:16 | Gary_zZ · first_building Barracks |
| 19:40 | Dovecar · first_building Siege Workshop |
| 19:54 | Djo · first_building Monastery |
| 20:03 | Eli · wall_segment Stone Wall x6 |
| 20:14 | Gary_zZ · wall_segment Palisade Wall x1 |
| 20:40 | Eli · first_building Castle |
| 20:44 | Eli · first_market_buy 100 food |
| 20:46 | Elnath · first_market_sell 100 wood |
| 20:47 | Elnath · first_market_buy 100 stone |
| 20:52 | Eli · wall_segment Stone Wall x1 |
| 20:53 | Eli · wall_segment Stone Wall x1 |
| 21:14 | Eli · wall_segment Stone Wall x4 |
| 21:35 | Gary_zZ · first_market_buy 100 wood |
| 21:59 | Brunker · first_building Siege Workshop |
| 22:01 | Eli · first_building Siege Workshop |
| 22:24 | Eli · first_market_sell 100 stone |
| 24:03 | Eli · wall_segment Stone Wall x1 |
| 24:14 | Eli · wall_segment Stone Wall x2 |
| 24:16 | Eli · wall_segment Stone Wall x1 |
| 24:22 | Brunker · first_building Monastery |
| 25:32 | BoyWonder_ · first_building Monastery |
| 25:44 | Gary_zZ · first_market_sell 100 food |
| 26:18 | BoyWonder_ · first_building Barracks |
| 26:32 | Djo · first_market_buy 100 food |
| 26:54 | Elnath · first_building Castle |
| 28:13 | Dovecar · first_market_buy 100 food |
| 30:15 | BoyWonder_ · first_building Siege Workshop |
| 30:18 | Elnath · first_building Barracks |
| 30:40 | S-Tier Willy · first_market_buy 100 food |
| 31:01 | BoyWonder_ · age_up imperial |
| 31:25 | Dovecar · resign |
[ AI ANALYSIS · 1 CREDIT ]
What really happened in this match?
Wolo.gg analyzes every decision: build order, eco, micro, common mistakes by bracket. Personalized analysis on WhatsApp or Discord in 30 seconds.
Civ guide
Celts
Perfil
Jugador #2268136